 Dungeon Crawl Stone Soup version 0.29-a0-997-gf6f7e2dfe7 (webtiles) character file.

Game seed: 14760627330060494440

134 vurker the Trooper (level 5, -2/53 HPs)
             Began as an Ogre Enchanter on Aug 4, 2022.
             Was a Believer of Dithmenos.
             Slain by a black bear (3 damage)
             ... on level 4 of the Dungeon.
             The game lasted 00:04:02 (4124 turns).

vurker the Trooper (Ogre Enchanter)                 Turns: 4124, Time: 00:04:02

Health: -2/53      AC:  3    Str: 14    XL:     5   Next: 17%
Magic:  8/8        EV: 10    Int: 12    God:    Dithmenos [**....]
Gold:   102        SH:  0    Dex: 24    Spells: 8/8 levels left

rFire   + . .      SeeInvis .   a - +1 dagger
rCold   . . .      Faith    .   (no shield)
rNeg    . . .      Spirit   .   f - +0 robe of Anaesthesia {rElec rPois Int-4 Dex+9}
rPois   +          Reflect  .   (helmet restricted)
rElec   +          Harm     .   (no cloak)
rCorr   .          Rampage  .   (gloves unavailable)
Will    .....                   (boots unavailable)
Stlth   +++.......              (no amulet)
HPRegen 0.17/turn               e - +6 ring of dexterity
MPRegen 0.11/turn               b - ring of protection from fire

@: wreathed by umbra
A: large, unfitting armour, tough skin 1
a: Renounce Religion, Shadow Step


You were on level 4 of the Dungeon.
You worshipped Dithmenos.
Dithmenos was pleased with you.
You visited 1 branch of the dungeon, and saw 4 of its levels.

You collected 102 gold pieces.

Inventory:

Hand Weapons
 a - a +1 dagger (weapon)
 g - a +0 broad axe
   (You found it on level 3 of the Dungeon)
Armour
 f - the +0 robe of Anaesthesia (worn) {rElec rPois Int-4 Dex+9}
   (You found it on level 2 of the Dungeon)

   Int:       It affects your intelligence (-4).
   Dex:       It affects your dexterity (+9).
   rElec:     It insulates you from electricity.
   rPois:     It protects you from poison.
Jewellery
 b - a ring of protection from fire (right hand)
   (You found it on level 2 of the Dungeon)
 e - a +6 ring of dexterity (left hand)
   (You found it on level 1 of the Dungeon)
Scrolls
 l - a scroll of identify
 m - a scroll of magic mapping {unknown}
Potions
 c - 2 potions of invisibility
 d - 3 potions of curing {unknown}
 h - a potion of cancellation {unknown}
 i - a potion of flight {unknown}
 j - a potion of might {unknown}
 k - a potion of haste {unknown}
 n - a potion of ambrosia {unknown}


   Skills:
 + Level 3.1 Fighting
 - Level 0.8 Short Blades
 + Level 1.1(2.1) Axes
 - Level 2.5(2.7) Maces & Flails
 - Level 1.7 Dodging
 - Level 2.1 Stealth
 - Level 2.4 Spellcasting
 - Level 2.6 Hexes
 + Level 2.0 Invocations


You had 8 spell levels left.
You didn't know any spells.
Your spell library contained the following spells:

 Spells                   Type           Power      Damage    Failure   Level
 Ensorcelled Hibernation  Hex/Ice        8%         N/A       22%         2
 Magic Dart               Conj           4%         1d3       26%         1
 Confusing Touch          Hex            7%         N/A       26%         3
 Tukima's Dance           Hex            7%         N/A       26%         3
 Call Imp                 Summ           1%         N/A       36%         2
 Dazzling Flash           Conj/Hex       8%         N/A       41%         3
 Mephitic Cloud           Conj/Pois/Air  1%         N/A       61%         3


Dungeon Overview and Level Annotations

Branches:
Dungeon (4/15)
 Temple: D:4-7

Altars:
Dithmenos
Kikubaaqudgha
Sif Muna

Shops:
D:2 (


Innate Abilities, Weirdness & Mutations

You are too large for most types of armour.
You have tough skin. (AC +1)


Message History

There is a stone staircase leading up here.
There are monsters nearby!
The helpless ball python fails to defend itself.
You impale the ball python!!
You kill the ball python!
Dithmenos accepts your kill.
A black bear comes into view.
You hit the hobgoblin. The hobgoblin barely misses you.
You closely miss the hobgoblin. The hobgoblin closely misses you.
You barely miss the hobgoblin. The hobgoblin barely misses you.
You hit the hobgoblin.
You kill the hobgoblin!
Dithmenos accepts your kill.
The black bear attacks as you move away!
The black bear misses you.
The black bear claws you but does no damage.
The black bear barely misses you.
There is a stone staircase leading up here.
You aren't carrying any items that you can evoke.
Unknown command.
You hit the black bear. The black bear bites you.
The black bear barely misses you. The black bear claws you.
You hit the black bear. The black bear bites you.
The black bear closely misses you. x2
You hit the black bear.
The black bear bites you but does no damage.
The black bear claws you but does no damage.
The black bear claws you.
You hit the black bear but do no damage.
The black bear misses you. The black bear claws you.
The black bear claws you but does no damage.
You hit the black bear. The black bear bites you. The black bear claws you. x2
You hit the black bear. The black bear bites you.
The black bear completely misses you. The black bear claws you.
You hit the black bear. The black bear barely misses you. x2
The black bear claws you.
You barely miss the black bear.
The black bear goes berserk!
You barely miss the black bear. The black bear barely misses you.
The black bear claws you. x2; The black bear bites you!
* * * LOW HITPOINT WARNING * * *
The black bear claws you but does no damage.
The black bear claws you.
* * * LOW HITPOINT WARNING * * *
You hit the black bear but do no damage.
The black bear bites you!
* * * LOW HITPOINT WARNING * * *
The black bear claws you.
* * * LOW HITPOINT WARNING * * *
The black bear claws you.
You die...

...............
................
#...........#.
#............
#.........##
#..........#
#..........#
#.....h....##
#.....@.....#
........$.......
#...............
........<....>#!
.##..##......##
##. ...##### ..
..## .# #.##


You could see a black bear (berserk).

Vanquished Creatures
  6 adders
  A worm (D:3)
  A dart slug (D:1)
  2 orcs (D:3)
  12 ball pythons
  4 endoplasms
  2 giant cockroaches (D:2)
  3 goblins
  9 hobgoblins
  3 jackals (D:1)
  3 quokkas
  7 bats
  4 frilled lizards
  6 kobolds
  6 rats
69 creatures vanquished.

Notes
Turn   | Place    | Note
-------+----------+-------------------------------------------
     0 | D:1      | vurker the Ogre Enchanter began the quest for the Orb.
     0 | D:1      | Reached XP level 1. HP: 16/16 MP: 3/3
   271 | D:1      | Reached skill level 1 in Fighting
   271 | D:1      | Reached skill level 1 in Maces & Flails
   276 | D:1      | Reached XP level 2. HP: 27/27 MP: 5/5
   383 | D:1      | Found a faded altar of an unknown god.
   453 | D:1      | Prayed at the altar of an unknown god.
   453 | D:1      | Became a worshipper of Dithmenos the Shadowed
   453 | D:1      | Reached * piety under Dithmenos
   475 | D:1      | HP: 1/27 [dart slug/slug dart (3)]
   919 | D:1      | Reached XP level 3. HP: 22/33 MP: 6/6
  1831 | D:2      | Reached skill level 1 in Invocations
  1856 | D:2      | Found Lec Vucw's Weapon Shoppe.
  1909 | D:2      | Reached skill level 2 in Fighting
  2021 | D:2      | Identified the +0 robe of Anaesthesia {rElec rPois Int-4
                  | Dex+9}
  2102 | D:2      | Reached ** piety under Dithmenos
  2189 | D:2      | Reached XP level 4. HP: 39/42 MP: 7/7
  3491 | D:3      | Reached XP level 5. HP: 52/52 MP: 8/8
  3701 | D:3      | Reached skill level 1 in Axes
  3736 | D:3      | Reached skill level 3 in Fighting
  3765 | D:3      | Found an ancient bone altar of Kikubaaqudgha.
  3765 | D:3      | Found a shimmering blue altar of Sif Muna.
  4107 | D:4      | Noticed a black bear
  4124 | D:4      | HP: 1/53 [black bear (2)]
  4124 | D:4      | Slain by a black bear

Illustrated notes

Levels and vault maps discovered:
D:1:      psy_arrival_fountain, layout_loops_ring, basic_ecumenical_altar
D:2:      layout_loops_ring, serial_shops, nicolae_shop_behind_doors,
          minmay_misc_feat_five, minmay_indecisive_spiral
D:3:      layout_basic, gammafunk_temple_overflow_pools
D:4:      layout_rooms, minmay_temple_entry_overgrown, serial_bayou_pond_e,
          sigmund_army, uniq_edmund

Skill      XL: |  1  2  3  4  5 |
---------------+----------------+-----
Fighting       | 1 2 3 |  3.1
Maces & Flails | 1 2 |  2.5
Invocations    | 1 2 |  2.0
Axes           | 1 |  1.1
Short Blades   | |  0.8
Dodging        | |  1.7
Stealth        | |  2.1
Spellcasting   | |  2.4
Hexes          | |  2.6

Action                   |  1- 3 |  4- 6 || total
-------------------------+-------+-------++-------
Melee: Dagger            |   157 |    95 ||   252
       Punch             |     2 |     2 ||     4
  Use: Scroll            |     2 |     4 ||     6
 Stab: Sleeping          |    11 |    11 ||    22
Armor: Robe              |    50 |    19 ||    69
Dodge: Dodged            |    94 |    60 ||   154

Table legend: (Time is in decaauts)
 A = Elapsed time spent in this place.
 B = Non-inter-level travel time spent in this place.
 C = Inter-level travel time spent in this place.
 D = Time resting spent in this place.
 E = Time spent auto-exploring this place.
 F = Levels seen in this place.
 G = Mean time per level.
                   A        B        C        D        E       F      G
               +--------+--------+--------+--------+--------+-----+--------+
         Total |   4113 |   3959 |    154 |    100 |   3284 |   4 | 1028.2 |
       Dungeon |   4113 |   3959 |    154 |    100 |   3284 |   4 | 1028.2 |
               +--------+--------+--------+--------+--------+-----+--------+

Top non-repeatable levels by time:
     D:1: 1581 daAuts
     D:3: 1527 daAuts
     D:2: 985 daAuts
     D:4: 19 daAuts
